 Dungeon Crawl Stone Soup version 0.32-a0-314-g526f7d4993 (webtiles) character file.

Game seed: 199051503587386983

3054 Bravepunisher the Demolition Spriggan (level 9, -5/47 HPs)
             Began as a Spriggan Monk on Feb 15, 2024.
             Was an Elder of Makhleb.
             Killed by an exploding kobold (27 damage)
             ... ignited by their inner flame
             ... on level 7 of the Dungeon.
             The game lasted 00:22:17 (5565 turns).

Bravepunisher the Demolition Spriggan (SpMo)        Turns: 5565, Time: 00:22:17

Health: -5/47      AC:  8    Str:  7    XL:     9   Next: 57%
Magic:  18/18      EV: 22    Int: 11    God:    Makhleb [****..]
Gold:   340        SH:  0    Dex: 22    Spells: 8/8 levels left

rFire   . . .        m - +9 hammer of Doom {heavy, Will+}
rCold   + . .        (no shield)
rNeg    . . .        r - +1 robe {rC+}
rPois   .            (helmet restricted)
rElec   .            l - +0 cloak
rCorr   .            (gloves unavailable)
SInv    +            (boots unavailable)
Will    ++...        y - amulet of the acrobat
Stlth   ++           B - +4 ring of protection
HPRegen 0.27/turn    (no ring)
MPRegen 0.16/turn

%: acrobat
@: very quick
A: very small, no large weapons, unfitting armour, see invisible, speed 3
a: Renounce Religion, Minor Destruction, Lesser Servant of Makhleb, Major
Destruction


You were on level 7 of the Dungeon.
You worshipped Makhleb.
Makhleb was greatly pleased with you.
You visited 2 branches of the dungeon, and saw 9 of its levels.

You collected 340 gold pieces.

Inventory:

Hand Weapons
 m - the +9 hammer of Doom (weapon) {heavy, Will+}
   (You found it on level 2 of the Dungeon)

   Will+:     It increases your willpower.
Missiles
 v - a throwing net (quivered)
Armour
 l - a +0 cloak (worn)
 r - a +1 robe of cold resistance (worn)
Jewellery
 y - an amulet of the acrobat (around neck)
 B - a +4 ring of protection (left hand)
Wands
 f - a wand of charming (10)
 q - a wand of flame (15)
 w - a wand of quicksilver (17)
Scrolls
 d - 3 scrolls of fear
 e - 2 scrolls of vulnerability {unknown}
 g - 3 scrolls of amnesia {unknown}
 k - a scroll of noise {unknown}
 s - 2 scrolls of poison {unknown}
 u - 2 scrolls of teleportation {unknown}
 A - a scroll of torment {unknown}
Potions
 a - 2 potions of curing {unknown}
 c - a potion of resistance {unknown}
 h - 2 potions of heal wounds {unknown}
 i - 3 potions of degeneration {unknown}
 n - 2 potions of brilliance {unknown}
 p - a potion of enlightenment
 z - a potion of might
 C - a potion of haste


   Skills:
 - Level 5.6 Fighting
 - Level 3.2 Short Blades
 + Level 0.6 Armour
 - Level 6.0 Dodging
 * Level 11.3 Invocations


You had 8 spell levels left.
You didn't know any spells.
Your spell library contained the following spells:

 Spells                   Type           Power      Damage    Failure   Level
 Ozocubu's Armour         Ice            0%         N/A       71%         3
 Stone Arrow              Conj/Erth      0%         3d7       71%         3
 Animate Armour           Summ/Erth      0%         N/A       98%         4
 Metabolic Englaciation   Hex/Ice        0%         N/A       100%        5
 Sculpt Simulacrum        Ice/Alch       0%         N/A       100%        6
 Lehudib's Crystal Spear  Conj/Erth      0%         10d2      100%        8


Dungeon Overview and Level Annotations

Branches:
Dungeon (8/15)             Temple (1/1) D:6
   Lair: D:8-11

Altars:
Cheibriados
Dithmenos
Elyvilon
Fedhas
Gozag
Hepliaklqana
Kikubaaqudgha
Makhleb
Okawaru
Qazlal
Ru
Trog
Uskayaw
Wu Jian
Xom
Yredelemnul
Zin
The Shining One

Shops:
D:5 (


Innate Abilities, Weirdness & Mutations

You are very small and have problems with some larger weapons.
You are too small for most types of armour.
You have supernaturally acute eyesight. (SInv)
You cover ground extremely quickly. (Speed+++)


Message History

The zap hits the yak.
The yak is almost dead.
Aiming: Minor Destruction (0% risk of failure)
Press: ? - help, Shift-Dir - straight line, f/p - yak
Aim: a yak (almost dead)
The glob of acid hits the yak!
The acid corrodes the yak!
You kill the yak!
Makhleb accepts your kill.
You feel better.
As you read the scroll labelled GALI CASKAIRA, it crumbles to dust.
It is a scroll of identify.
b - a potion of attraction You drop a potion of attraction.
As you read the scroll of identify, it crumbles to dust.
p - a potion of enlightenment
As you read the scroll of identify, it crumbles to dust.
z - a potion of might
As you read the scroll of identify, it crumbles to dust.
C - a potion of haste
As you read the scroll labelled LOPTAE WISTI, it crumbles to dust.
You feel aware of your surroundings.
You sensed 1 altar.
It was a scroll of revelation.
As you read the scroll labelled CAGEOX DIPTY, it crumbles to dust.
Wisps of shadow whirl around you...
It was a scroll of summoning.
As you read the scroll labelled ZOENO GYMA, it crumbles to dust.
The creatures around you are filled with an inner flame!
It was a scroll of immolation.
Your kobold is engulfed in dark miasma.
Your kobold is poisoned.
Your kobold seems to slow down.
Your kobold is engulfed in dark miasma.
Your kobold is poisoned.
Your kobold seems to slow down.
Your kobold's corpse dissolves into shadows!
Your kobold explodes!
The fiery explosion engulfs your kobold!!
Your kobold's corpse dissolves into shadows!
Your kobold explodes!
The fiery explosion engulfs your kobold!!!
Your kobold's corpse dissolves into shadows!
The fiery explosion engulfs you!!
Ouch! That really hurt!
You die...

######...........#
######...........##
######.....###'###
######.....##....#
######......#....#
########.####....#
######§...°##....#
######.KK..##....#######
####..§@oK...######....#
####.#§§§KK#.....##....#
###..#§§§.○##.....#....#
##...###†####.....#.....
#.....#.....#.....#....%
#.....#.....#.....#.....
#.....#.....#.....#.....
#.....#.....#....#######
######..<##.....#....##....#


You could see a friendly kobold brigand (summoned, inner flame), a friendly orc
(summoned, inner flame) and 4 friendly kobolds.

Vanquished Creatures
  Maurice (D:7)
  A komodo dragon (D:6)
  A wyvern (D:5)
  A yak (D:7)
  Edmund (D:4)
  2 water moccasins
  Duvessa (D:4)
  A sky beast (D:7)
  2 black bears (D:6)
  2 orc warriors (D:6)
  2 ogres
  Dowan (D:4)
  2 howler monkeys (D:6)
  2 bombardier beetles
  An orc priest (D:7)
  Crazy Yiuf (D:2)
  2 gnoll boudas
  5 hounds
  A sleepcap (D:5)
  3 iguanas
  6 orc wizards
  7 gnolls
  9 adders
  A shadow imp (D:5)
  A white imp (D:6)
  2 ufetubi (D:5)
  6 dart slugs
  3 ribbon worms
  16 orcs
  2 bats
  6 endoplasms
  3 giant cockroaches
  4 goblins
  5 hobgoblins
  9 kobolds
  2 quokkas
  8 ball pythons
  4 frilled lizards
  4 rats
131 creatures vanquished.

Notes
Turn   | Place    | Note
-------+----------+-------------------------------------------
     0 | D:1      | Bravepunisher the Spriggan Monk began the quest for the
                  | Orb.
     0 | D:1      | Reached XP level 1. HP: 11/11 MP: 2/2
   169 | D:3      | Found a stormy altar of Qazlal.
   178 | D:4      | Noticed a hound
   234 | D:4      | Found a burning altar of Makhleb.
   239 | D:4      | Became a worshipper of Makhleb the Destroyer
   239 | D:4      | Reached * piety under Makhleb
   239 | D:4      | Reached ** piety under Makhleb
   436 | D:1      | Reached XP level 2. HP: 11/16 MP: 3/3
   596 | D:1      | Reached skill level 1 in Invocations
   709 | D:1      | Reached skill level 2 in Invocations
   710 | D:1      | Reached XP level 3. HP: 7/19 MP: 5/5
  1295 | D:2      | Reached skill level 3 in Invocations
  1387 | D:2      | Reached XP level 4. HP: 20/23 MP: 7/7
  1665 | D:2      | Identified the +9 hammer of Doom {heavy, Will+}
  1666 | D:2      | Found a runed translucent door.
  1672 | D:2      | Noticed Crazy Yiuf
  1700 | D:2      | Killed Crazy Yiuf
  1701 | D:2      | Reached skill level 4 in Invocations
  1917 | D:3      | Found a glowing silver altar of Zin.
  1924 | D:3      | Reached *** piety under Makhleb
  2143 | D:3      | Reached XP level 5. HP: 26/27 MP: 9/9
  2267 | D:3      | Found a snail-covered altar of Cheibriados.
  2279 | D:3      | Found an iron altar of Okawaru.
  2426 | D:4      | Reached skill level 5 in Invocations
  2495 | D:4      | Noticed Edmund
  2553 | D:4      | Killed Edmund
  2554 | D:4      | Reached skill level 6 in Invocations
  2554 | D:4      | Reached XP level 6. HP: 11/32 MP: 9/11
  2681 | D:4      | Noticed Dowan
  2682 | D:4      | Noticed Duvessa
  2718 | D:4      | Killed Duvessa
  2722 | D:4      | Killed Dowan
  2905 | D:4      | Reached XP level 7. HP: 35/36 MP: 13/13
  2957 | D:4      | Reached skill level 7 in Invocations
  3224 | D:5      | Entered Level 5 of the Dungeon
  3262 | D:5      | Noticed a wyvern
  3271 | D:5      | Killed a wyvern
  3453 | D:5      | Found Idukuoh's Firing Range.
  3464 | D:5      | Reached skill level 8 in Invocations
  3615 | D:5      | Reached XP level 8. HP: 42/42 MP: 15/15
  3623 | D:5      | Identified the +0 robe of the Taurataur {rN+}
  4216 | D:6      | Reached **** piety under Makhleb
  4303 | D:6      | Reached skill level 9 in Invocations
  4303 | D:6      | Noticed a komodo dragon
  4425 | D:6      | Killed a komodo dragon
  4426 | D:6      | Reached skill level 5 in Fighting
  4450 | D:6      | Reached skill level 10 in Invocations
  4587 | D:6      | Reached XP level 9. HP: 18/47 MP: 17/17
  4747 | D:6      | Found a staircase to the Ecumenical Temple.
  4753 | Temple   | Entered the Ecumenical Temple
  5203 | D:7      | Reached skill level 5 in Dodging
  5379 | D:7      | Noticed Maurice
  5384 | D:7      | Killed Maurice
  5385 | D:7      | Reached skill level 11 in Invocations
  5389 | D:7      | Found an ancient bone altar of Kikubaaqudgha.
  5463 | D:7      | Found an opulent altar of Gozag.
  5538 | D:8      | Noticed a komodo dragon
  5565 | D:7      | Killed by an exploding kobold... ignited by their inner
                  | flame

Illustrated notes

Levels and vault maps discovered:
D:1:      denvon_arrival_waterhouse, layout_loops_ring,
          minmay_misc_feat_secret_circle
D:2:      layout_rooms, uniq_crazy_yiuf_cottage
D:3:      layout_rooms, lemuel_crystal_altar, lemuel_tele_altar,
          amethyst_overflow_temple_binary, minmay_fractal_squares_diagonal_5
D:4:      layout_rooms, lightli_temple_of_fire, uniq_edmund, uniq_duvessa
D:5:      layout_basic, nicolae_shop_firing_range
D:6:      layout_rooms, minmay_temple_entry_wispy, minmay_misc_feat_columns
D:7:      layout_gridville, nicolae_kikubaaqudgha_miasma_corner,
          nicolae_overflow_hidden_temple, kennysheep_mini_moat, uniq_maurice
D:8:      layout_basic, general_overflow_altar, dpeg_lair_monsters,
          gammafunk_ghost_abyssal_escape, serial_shops, nicolae_shop_tiny_glass,
          minivault_22, minmay_crystal_water, kennysheep_generic_room_2
Temple:   grunt_temple_mini_profane

Skill      XL: |  1  2  3  4  5  6  7  8  9 |
---------------+----------------------------+-----
Invocations    | 2 3 4 6 8 10 11 | 11.3
Fighting       | 3 4 5 |  5.6
Dodging        | 6 |  6.0
Short Blades   | |  3.2
Armour         | |  0.6

Action                     |  1- 3 |  4- 6 |  7- 9 || total
---------------------------+-------+-------+-------++-------
  Melee: Short sword       |    14 |       |       ||    14
         Dagger            |       |     2 |       ||     2
         Mace              |       |     8 |    47 ||    55
 Invoke: Minor Destruction |    78 |   105 |   167 ||   350
  Evoke: Wand              |       |     3 |    10 ||    13
    Use: Scroll            |     1 |       |     7 ||     8
         Potion            |     1 |       |       ||     1
 Armour: Robe              |    12 |     9 |    36 ||    57
  Dodge: Dodged            |    45 |    44 |    74 ||   163

Table legend: (Time is in decaauts)
 A = Elapsed time spent in this place.
 B = Non-inter-level travel time spent in this place.
 C = Inter-level travel time spent in this place.
 D = Time resting spent in this place.
 E = Time spent auto-exploring this place.
 F = Levels seen in this place.
 G = Mean time per level.
                   A        B        C        D        E       F      G
               +--------+--------+--------+--------+--------+-----+--------+
         Total |   4071 |   3986 |     85 |    134 |   2687 |   9 |  452.3 |
       Dungeon |   4070 |   3985 |     85 |    134 |   2687 |   8 |  508.8 |
        Temple |      1 |      1 |      0 |      0 |      0 |   1 |    1.0 |
               +--------+--------+--------+--------+--------+-----+--------+

Top non-repeatable levels by time:
     D:1: 714 daAuts
     D:4: 694 daAuts
     D:6: 635 daAuts
     D:5: 634 daAuts
     D:2: 536 daAuts
     D:7: 481 daAuts
     D:3: 369 daAuts
     D:8: 3 daAuts
  Temple: 1 daAuts
